Map: 亚历山大港 - 天梯版

Players

eGGz

  • Race: Zerg Zerg
  • League: Master

INnoVation - Winner!

  • Race: Terran Terran
  • League: Diamond

Event: WESG 2018 Grand Finals

VOD

Have the link to the VOD?

Description

Time

  • Played on: March 12, 2019, 4:47 a.m.
  • Length: 9:59

All games in this series

Show
View Real Time Build Order
Export as new Build Order

eGGz Zerg 

Build Orders: Pool First, Muta Ling Bane 

Get SALT Encoding   

  12  0:01  Drone  
  13  0:13  Overlord  
  13  0:18  Drone  
  14  0:32  Drone x2  
  16  0:37  Extractor  
  15  0:44  Spawning Pool  
  15  0:48  Drone  
  15  0:52  Drone  
  15  0:56  Drone  
  17  1:09  Drone  
  18  1:28  Hatchery  
  18  1:31  Zergling x2  
  18  1:32  Zergling x2  
  19  1:39  Metabolic Boost  
  19  1:43  Zergling x2  
  20  1:50  Zergling x2  
  21  2:00  Queen, Extractor  
  22  2:04  Overlord  
  23  2:24  Drone x2  
  25  2:33  Drone  
  26  2:39  Queen, Drone  
  26  2:40  Queen  
  32  2:44  Drone  
  32  2:58  Hatchery  
  31  3:00  Drone  
  32  3:10  Overlord  
  32  3:11  Drone  
  32  3:12  Drone  
  34  3:13  Drone  
  34  3:15  Drone  
  36  3:29  Drone  
  36  3:30  Overlord, Drone  
  36  3:31  Drone  
  36  3:33  Zergling x2  
  36  3:34  Zergling x2  
  41  3:46  Zergling x2  
  41  3:47  Zergling x2  
  43  3:53  Drone x3  
  46  3:57  Spore Crawler  
  46  3:58  Drone x3  
  46  4:01  Baneling Nest, Drone  
  46  4:02  Drone  
  49  4:09  Drone  
  48  4:16  Queen  
  48  4:18  Drone x3  
  53  4:26  Drone  
  53  4:29  Zergling x8  
  58  4:34  Overlord  
  58  4:36  Lair  
  58  4:41  Extractor  
  58  4:43  Spore Crawler  
  58  4:44  Spore Crawler  
  55  4:49  Zergling x2  
  55  4:50  Overlord, Zergling x4  
  58  4:53  Drone  
  58  4:54  Drone x2  
  61  5:03  Drone  
  61  5:04  Drone x4  
  65  5:16  Overlord, Drone  
  65  5:21  Zergling x2  
  65  5:22  Zergling x6  
  65  5:23  Baneling  
  65  5:25  Baneling x4  
  65  5:26  Baneling  
  65  5:27  Zergling x8  
  71  5:33  Baneling x2  
  71  5:34  Zergling x4  
  71  5:35  Zergling x2  
  63  5:45  Zergling x12  
  63  5:48  Queen  
  56  5:54  Zergling x4  
  56  5:55  Zergling x2  
  56  6:10  Zergling x10  
  56  6:11  Zergling x2  
  58  6:17  Zergling x4  
  55  6:21  Zergling x6  
  56  6:27  Extractor x2  
  49  6:42  Drone x2  
  49  6:43  Drone x2  
  49  6:44  Spine Crawler  
  49  6:45  Queen  
  49  6:46  Queen  
  56  6:49  Hatchery  
  56  6:53  Drone x2  
  57  6:56  Drone  
  57  7:00  Drone  
  58  7:06  Extractor  
  58  7:08  Spire, Drone  
  57  7:14  Overseer  
  53  7:16  Drone x2  
  53  7:21  Drone  
  49  7:28  Spore Crawler, Drone  
  47  7:34  Drone x4  
  51  7:46  Drone x2  
  50  8:01  Zergling x6  
  50  8:02  Zergling x10  
  50  8:03  Zergling x2  
  50  8:05  Centrifical Hooks  
  59  8:09  Baneling x3  
  59  8:10  Baneling x2  
  59  8:15  Drone x3  
  59  8:16  Queen  
  64  8:22  Drone  
  64  8:23  Drone x2  
  66  8:30  Queen, Drone  
  66  8:31  Queen  
  66  8:32  Drone x3  
  66  8:33  Baneling x2  
  74  8:38  Mutalisk  
  74  8:40  Zergling x4  
  78  8:51  Zergling x4  
  78  8:52  Zergling x4  
  82  8:59  Overlord  
  81  9:05  Baneling x5  
  81  9:12  Overlord, Hatchery  
  81  9:16  Evolution Chamber  
  79  9:17  Evolution Chamber  
  79  9:19  Zergling x2  
  79  9:20  Zergling x8  
  82  9:26  Overlord  
  82  9:30  Baneling x2  
  82  9:31  Zergling x2  
  82  9:32  Zergling x8  
  82  9:36  Zergling x2  
  82  9:37  Zergling x4  
  90  9:41  Zergling x2  
Show
View Real Time Build Order
Export as new Build Order

INnoVation Terran - Winner!

Build Orders: Gas First Reaper Expand, Hellion Banshee 

Get SALT Encoding   

  12  0:00  SCV  
  13  0:12  SCV  
  14  0:17  Supply Depot  
  14  0:24  SCV  
  15  0:28  Refinery  
  15  0:39  SCV  
  16  0:45  Barracks  
  16  0:51  SCV  
  17  1:03  SCV  
  18  1:15  SCV  
  19  1:31  Orbital Command  
  19  1:32  Reaper  
  20  1:45  Command Center  
  20  1:55  Factory  
  20  2:00  SCV  
  21  2:05  Barracks Reactor  
  21  2:12  SCV  
  22  2:16  Supply Depot  
  22  2:21  Command Center  
  21  2:24  SCV  
  22  2:31  Refinery  
  22  2:36  SCV  
  23  2:42  Starport  
  23  2:48  SCV  
  23  2:49  Hellion  
  26  2:53  Hellion  
  26  2:57  Barracks Tech Lab  
  28  3:00  SCV  
  29  3:12  SCV  
  30  3:25  Cloaking Field  
  30  3:28  SCV  
  30  3:33  Banshee  
  34  3:34  Orbital Command  
  34  3:40  Hellion x2  
  38  3:42  SCV  
  38  3:45  Barracks Tech Lab  
  39  3:49  Supply Depot  
  39  3:52  Orbital Command  
  39  3:54  SCV  
  40  4:04  Hellion  
  40  4:05  Hellion  
  40  4:09  SCV  
  45  4:17  Banshee  
  45  4:22  Armory  
  48  4:25  Supply Depot  
  48  4:28  SCV  
  48  4:29  SCV  
  50  4:37  Hellion x2  
  54  4:46  SCV x2  
  54  4:49  Supply Depot  
  56  4:59  Banshee, SCV x2  
  61  5:07  Supply Depot  
  61  5:11  Hellion x2  
  61  5:12  Stimpack, SCV x2  
  67  5:24  SCV x2  
  67  5:25  Marine  
  70  5:37  SCV x2  
  71  5:44  Hellion  
  71  5:45  Hellion  
  71  5:46  Banshee  
  67  5:50  Marine  
  67  5:53  SCV x2  
  67  5:54  Command Center  
  70  6:01  Supply Depot  
  70  6:06  Hellion x2  
  70  6:08  Marine  
  73  6:13  SCV x2  
  75  6:24  Supply Depot  
  71  6:26  Barracks  
  71  6:28  Barracks, Hellion x2  
  71  6:30  SCV x2  
  67  6:41  Marine  
  67  6:43  SCV x2  
  67  6:45  Engineering Bay  
  67  6:46  Engineering Bay, Refinery x2  
  70  6:48  Starport Reactor  
  70  6:55  SCV x2  
  70  7:00  Barracks, Marine  
  70  7:01  Barracks, Siege Tank  
  76  7:06  Orbital Command  
  76  7:07  SCV x2  
  78  7:25  SCV x2  
  78  7:26  Terran Infantry Weapons Level 1, Terran Infantry Armor Level 1  
  78  7:28  Barracks Reactor  
  78  7:29  Orbital Command  
  80  7:37  SCV x2  
  80  7:38  Siege Tank, Starport Reactor  
  80  7:40  Marine x2  
  80  7:41  Combat Shield, Marine x3, Supply Depot  
  90  7:54  Barracks Reactor x2  
  90  7:56  SCV x2  
  90  7:58  SCV  
  93  8:01  Marine x2  
  93  8:02  Bunker, Marine x3  
  98  8:06  Supply Depot  
  98  8:08  SCV x2  
  98  8:10  SCV  
  101  8:14  Siege Tank  
  101  8:15  Medivac x2  
  101  8:18  Command Center  
  101  8:19  Marine x4  
  110  8:24  SCV x2  
  110  8:25  SCV  
  115  8:31  Refinery x2  
  115  8:35  Marine, Supply Depot x2  
  115  8:36  Marine x4  
  115  8:37  Marine x3  
  115  8:40  SCV x2  
  125  8:56  Medivac x2, Siege Tank, SCV  
  125  8:57  SCV x2  
  125  9:02  Marine x2  
  137  9:03  Factory  
  137  9:07  Supply Depot  
  137  9:09  Supply Depot  
  137  9:10  SCV x2  
  137  9:11  Supply Depot, SCV  
  137  9:13  Marine  
  141  9:28  Missile Turret x2  
  141  9:29  Marine x8  
  141  9:31  Marine  
Tags
 
Add a new tag
Caveats
  • Supply blocks, unpowered buildings, or Contaminate may cause inaccurate times.
  • Supply counts are checked every 10 seconds.